 Dungeon Crawl Stone Soup version 0.19.5 (webtiles) character file.

51 McKennaii the Firebug (level 3, -3/19 HPs)
             Began as a Deep Elf Fire Elementalist on May 16, 2017.
             Slain by a hobgoblin
             ... wielding a +0 club
             ... led by Robin
              (5 damage)
             ... on level 2 of the Dungeon.
             The game lasted 00:01:55 (1108 turns).

McKennaii the Firebug (Deep Elf Fire Elementalist)  Turns: 1108, Time: 00:01:55

Health: -3/19      AC:  2    Str:  5    XL:     3   Next: 58%
Magic:  2/9        EV: 13    Int: 20    God:
Gold:   86         SH:  0    Dex: 15    Spells: 3 memorised, 2 levels left

rFire  . . .     SeeInvis .     (no weapon)
rCold  . . .     Gourm    .     a - +0 robe
rNeg   . . .     Faith    .     (no shield)
rPois  .         Spirit   .     (no helmet)
rElec  .         Reflect  .     (no cloak)
rCorr  .         Harm     .     (no gloves)
MR     .....                    (no boots)
Stlth  ++........               (no amulet)
                                (no ring)
                                (no ring)

@: no status effects
A: no striking features
a: no special abilities


You were on level 2 of the Dungeon.
You were not hungry.

You visited 1 branch of the dungeon, and saw 2 of its levels.

You collected 86 gold pieces.

Inventory:

Armour
 a - a +0 robe (worn)
Scrolls
 d - 2 scrolls of teleportation {unknown}
 i - 2 scrolls of enchant armour {unknown}
 j - a scroll of noise {unknown}
 l - a scroll of amnesia {unknown}
Potions
 e - 2 potions of mutation {unknown}
 g - a potion of flight {unknown}
 h - a potion of heal wounds {unknown}
Books
 b - a book of Flames

   Spells                             Type                      Level
   a - Flame Tongue                   Conjuration/Fire             1
   b - Throw Flame                    Conjuration/Fire             2
   c - Conjure Flame                  Conjuration/Fire             3
   d - Inner Flame                    Hexes/Fire                   3
   e - Sticky Flame                   Conjuration/Fire             4
   f - Fireball                       Conjuration/Fire             5
Comestibles
 c - 2 bread rations
 f - 2 fruits
 k - 2 chunks of flesh


   Skills:
 + Level 3.0 Dodging
 + Level 2.6 Stealth
 + Level 3.3 Spellcasting
 + Level 1.8 Conjurations
 + Level 4.2 Fire Magic


You had 2 spell levels left.
You knew the following spells:

 Your Spells              Type           Power        Failure   Level  Hunger
a - Flame Tongue          Conj/Fire      ###..        4%          1    None
b - Throw Flame           Conj/Fire      ###...       10%         2    ##.....
c - Conjure Flame         Conj/Fire      ###.....     14%         3    ###....


Dungeon Overview and Level Annotations

Branches:
Dungeon (2/15)

Altars:

Annotations:
D:2 Robin


Message History

You kill the goblin!
Robin throws the goblin at you! The goblin barely misses you.
The goblin closely misses you.
You hit the goblin but do no damage. The goblin misses you.
The goblin hits you.
Casting: Flame Tongue
Confirm with . or Enter, or press ? or * to list all spells.
Aiming: Flame Tongue
Press: ? - help, Shift-Dir - straight line, f - goblin
Aim: a goblin (unusually strong)
The flame tongue hits the goblin.
You kill the goblin!
Your Dodging skill increases to level 3!
The goblin misses you. The goblin hits you.
* * * LOW HITPOINT WARNING * * *
The hobgoblin misses you. The goblin hits you.
* * * LOW HITPOINT WARNING * * *
The hobgoblin hits you with a club.
You die...

### .. ..##.. ### #....
##.. ###..# #
##..####....######### =..
....................
....###.##................
......gg#gg...#..####....
.......ggg@.####.##...#
......g###### #......# #
.....## # #...#..### #
.... #...###..# ### ...
...##.....#####.. #.
......###.#.....# . .####
#...####. #..#####.
...........


You could see Robin, 2 hobgoblins and 5 goblins.

Vanquished Creatures
  An adder (D:2)
  2 dart slugs (D:1)
  A leopard gecko (D:1)
  4 bats (D:1)
  6 goblins
  5 hobgoblins
  3 jackals (D:1)
  5 kobolds (D:1)
  6 frilled lizards
  5 rats
38 creatures vanquished.

Notes
Turn   | Place    | Note
-------+----------+-------------------------------------------
     0 | D:1      | McKennaii the Deep Elf Fire Elementalist began the quest for the Orb.
     0 | D:1      | Reached XP level 1. HP: 10/10 MP: 6/6
   151 | D:1      | Reached XP level 2. HP: 14/15 MP: 4/8
   371 | D:1      | Reached skill level 4 in Fire Magic
   646 | D:1      | Reached XP level 3. HP: 19/19 MP: 0/9
   654 | D:1      | Learned a level 2 spell: Throw Flame
   658 | D:1      | Learned a level 3 spell: Conjure Flame
  1098 | D:2      | Noticed Robin
  1108 | D:2      | Slain by a hobgoblin

Skill      XL: |  1  2  3 |
---------------+----------+-----
Fire Magic     | 4 |  4.2
Dodging        | 3 |  3.0
Stealth        | |  2.6
Spellcasting   | |  3.3
Conjurations   | |  1.8

Action                   || total
-------------------------++-------
Melee: Unarmed           ||     2
 Cast: Flame Tongue      ||    60
Armor: Robe              ||     7
Dodge: Dodged            ||    42
